 Dungeon Crawl Stone Soup version 0.30-a0-125-g51eefa89be (webtiles) character file.

Game seed: 4602789254305413238

0 funkygono the Chiller (level 1, -1/10 HPs)
             Began as a Gargoyle Ice Elementalist on Sept 18, 2022.
             Slain by a quokka (2 damage)
             ... on level 1 of the Dungeon.
             The game lasted 00:00:18 (83 turns).

funkygono the Chiller (Gargoyle Ice Elementalist)     Turns: 83, Time: 00:00:18

Health: -1/10      AC:  4    Str: 11    XL:     1   Next: 10%
Magic:  3/3        EV:  8    Int: 15    God:
Gold:   0          SH:  0    Dex: 10    Spells: 3/4 levels left

rFire   . . .      SeeInvis .    (no weapon)
rCold   . . .      Faith    .    (no shield)
rNeg    + . .      Spirit   .    a - +0 robe
rPois   ∞          Reflect  .    (no helmet)
rElec   +          Harm     .    (no cloak)
rCorr   .          Rampage  .    (no gloves)
Will    .....                    (no boots)
Stlth   ++........               (no amulet)
HPRegen 0.03/turn                (no ring)
MPRegen 0.08/turn                (no ring)

@: constricted
A: sickness immunity, AC +2, negative energy resistance 1, electricity
resistance, torment resistance 1, petrification resistance
a: no special abilities


You were on level 1 of the Dungeon.
You visited 1 branch of the dungeon, and saw 1 of its levels.

Inventory:

Armour
 a - a +0 robe (worn)
Potions
 b - a potion of magic


   Skills:
 + Level 1.5 Dodging
 - Level 2.1 Stealth
 + Level 2.0 Spellcasting
 + Level 4.0 Ice Magic


You had 3 spell levels left.
You knew the following spells:

 Your Spells              Type           Power      Damage    Failure   Level
a - Freeze                Ice            52%        1d7       4%          1

Your spell library contained the following spells:

 Spells                   Type           Power      Damage    Failure   Level
 Frozen Ramparts          Ice            26%        1d4       13%         3
 Ozocubu's Armour         Ice            13%        N/A       13%         3
 Hailstorm                Conj/Ice       7%         3d4       67%         4


Dungeon Overview and Level Annotations

Branches:
Dungeon (1/15)

Altars:


Innate Abilities, Weirdness & Mutations

You are immune to sickness and miasma.
Your stone body is resilient. (AC +2)
You are immune to poison.
You resist negative energy. (rN+)
You are resistant to electric shocks. (rElec)
You are resistant to unholy torment.
You are immune to petrification.


Message History

The rat bites you.
You hit the rat.
The rat is severely wounded.
The rat closely misses you.
You hit the rat.
You kill the rat!
You see here a rat corpse.
Found a book of Frost.
Found 6 stones.
You see here a book of Frost.
A ball python comes into view.
The ball python hisses angrily.
A quokka comes into view.
The ball python closely misses you. The ball python barely misses you.
A rat comes into view.
The ball python closely misses you. The ball python grabs you.
The ball python constricts you. The quokka barely misses you.
You escape the ball python's grasp.
The quokka closely misses you.
The ball python attacks as you move away!
The ball python completely misses you. The quokka bites you.
* * * LOW HITPOINT WARNING * * *
The ball python attacks as you move away!
The ball python bites you but does no damage.
Found 2 potions of magic.
The ball python attacks as you move away!
The ball python barely misses you. The ball python closely misses you.
The rat barely misses you. The quokka closely misses you.
You barely miss the rat. The ball python completely misses you.
The ball python closely misses you. The quokka barely misses you.
The rat bites you.
* * * LOW HITPOINT WARNING * * *
You hit the rat but do no damage. The ball python closely misses you.
The ball python barely misses you. The quokka barely misses you.
The ball python bites you but does no damage.
The ball python grabs you. The ball python constricts you.
The rat completely misses you.
You hit the rat.
The rat is severely wounded.
The quokka bites you.
You die...

#......# .# #......# #..
##### #......##...
....########.......#..
....##..........#.#.# ##
....##.........#.#!#...#
....##.........S#r..#
..:............r@#
................#.#
...(....####........
..####### #..........
### #########.... ....
... ..


You could see a quokka, a ball python and a rat.

Vanquished Creatures
  A rat (D:1)
1 creature vanquished.

Notes
Turn   | Place    | Note
-------+----------+-------------------------------------------
     0 | D:1      | funkygono the Gargoyle Ice Elementalist began the quest for
                  | the Orb.
     0 | D:1      | Reached XP level 1. HP: 10/10 MP: 3/3
    83 | D:1      | Slain by a quokka

Illustrated notes

Levels and vault maps discovered:
D:1:      onia_arrival_mini_maze_b, layout_basic, minmay_tiny_reverse_x

Action                   || total
-------------------------++-------
Melee: Unarmed           ||     9
Armor: Robe              ||     4
Dodge: Dodged            ||    19

Table legend: (Time is in decaauts)
 A = Elapsed time spent in this place.
 B = Non-inter-level travel time spent in this place.
 C = Inter-level travel time spent in this place.
 D = Time resting spent in this place.
 E = Time spent auto-exploring this place.
 F = Levels seen in this place.
 G = Mean time per level.
                   A        B        C        D        E       F      G
               +--------+--------+--------+--------+--------+-----+--------+
         Total |     83 |     83 |      0 |      0 |     34 |   1 |   83.0 |
       Dungeon |     83 |     83 |      0 |      0 |     34 |   1 |   83.0 |
               +--------+--------+--------+--------+--------+-----+--------+

Top non-repeatable levels by time:
     D:1: 83 daAuts
